 Dungeon Crawl Stone Soup version 0.22.0-25-g7663229 (webtiles) character file.

23 bosm the Ogre Mage (level 2, 0/24 HPs)
             Began as an Ogre Venom Mage on Aug 20, 2018.
             Slain by a kobold
             ... wielding a +2 whip of electrocution
              (14 damage)
             ... on level 2 of the Dungeon.
             The game lasted 00:03:15 (1598 turns).

bosm the Ogre Mage (Ogre Venom Mage)                Turns: 1598, Time: 00:03:15

Health: 0/24       AC:  3    Str: 11    XL:     2   Next: 95%
Magic:  1/6        EV: 10    Int: 16    God:
Gold:   75         SH:  0    Dex:  9    Spells: 6/7 levels left

rFire    . . .     SeeInvis .   e - +0 short sword
rCold    . . .     Gourm    .   (no shield)
rNeg     . . .     Faith    .   a - +0 robe
rPois    +         Spirit   .   (helmet restricted)
rElec    .         Reflect  .   (no cloak)
rCorr    .         Harm     .   (gloves unavailable)
MR       .....                  (boots unavailable)
Stlth    +.........             (no amulet)
HPRegen  0.08/turn              f - ring of poison resistance
MPRegen  0.10/turn              (no ring)

@: very slightly contaminated
A: large, unfitting armour, tough skin 1
a: no special abilities


You were on level 2 of the Dungeon.
You were not hungry.

You visited 1 branch of the dungeon, and saw 2 of its levels.

You collected 75 gold pieces.

Inventory:

Hand Weapons
 e - a +0 short sword (weapon)
Armour
 a - a +0 robe (worn)
Jewellery
 f - a ring of poison resistance (left hand)
Scrolls
 d - 3 scrolls of remove curse {unknown}
 g - a scroll of identify {unknown}
 h - 2 scrolls of fog {unknown}
 i - 2 scrolls of teleportation {unknown}
Potions
 b - 2 potions of flight {unknown}
Comestibles
 c - 3 rations


   Skills:
 - Level 1.7 Dodging
 - Level 1.4 Stealth
 * Level 3.2 Spellcasting
 + Level 1.3 Conjurations
 + Level 2.9 Poison Magic


You had 6 spell levels left.
You knew the following spells:

 Your Spells              Type           Power        Failure   Level  Hunger
a - Sting                 Conj/Pois      #...         8%          1    None

Your spell library contained the following spells:

 Spells                   Type           Power        Failure   Level  Hunger
 Poisonous Vapours        Pois/Air       #.....       16%         2    ##.....
 Mephitic Cloud           Conj/Pois/Air  #.......     30%         3    ###....
 Olgreb's Toxic Radiance  Pois           ##......     47%         4    ####...
 Venom Bolt               Conj/Pois      #.........   91%         5    ######.


Dungeon Overview and Level Annotations

Branches:
Dungeon (2/15)

Altars:


Innate Abilities, Weirdness & Mutations

You are too large for most types of armour.
You have tough skin. (AC +1)


Message History

The sting hits the kobold.
The kobold is severely wounded.
The kobold closely misses you.
Casting: Sting (safe; 8% risk of failure)
Confirm with . or Enter, or press ? or * to list all spells.
Aiming: Sting (safe; 8% risk of failure)
Press: ? - help, Shift-Dir - straight line, f/p - kobold
Aim: a kobold, wielding a whip (severely wounded)
The sting hits the kobold.
You kill the kobold!
Casting: Sting (safe; 8% risk of failure)
Confirm with . or Enter, or press ? or * to list all spells.
You don't have enough magic to cast that spell.
No previous command to re-do.
No previous command to re-do.
There is a stone staircase leading up here.
The kobold hits you with a whip of electrocution.
You are electrocuted!
Ouch! That really hurt!
You die...

.##.....>#..###.#
#>....###.g...#
#......#(.##..##.#
##.......#.......#
#....#.##.#..####
........ #.#..#
##.#.###
#g#..###### #
#.K.......#
###@.####.
.........#
........##
#########


You could see a goblin and a kobold.

Vanquished Creatures
  2 leopard geckos (D:1)
  A giant cockroach (D:1)
  2 goblins (D:1)
  2 hobgoblins (D:1)
  A jackal (D:1)
  6 bats (D:1)
  A frilled lizard (D:1)
  3 kobolds
  A rat (D:1)
19 creatures vanquished.

Notes
Turn   | Place    | Note
-------+----------+-------------------------------------------
     0 | D:1      | bosm the Ogre Venom Mage began the quest for the Orb.
     0 | D:1      | Reached XP level 1. HP: 16/16 MP: 3/3
   133 | D:1      | Reached skill level 1 in Conjurations
   238 | D:1      | Reached XP level 2. HP: 8/24 MP: 1/5
   593 | D:1      | Reached skill level 3 in Spellcasting
  1598 | D:2      | Slain by a kobold

Skill      XL: |  1  2 |
---------------+-------+-----
Conjurations   | 1 |  1.3
Spellcasting   | 3 |  3.2
Dodging        | |  1.7
Stealth        | |  1.4
Poison Magic   | |  2.9

Action                   || total
-------------------------++-------
Melee: Unarmed           ||    11
       Short sword       ||    14
Throw: Stone             ||     6
 Cast: Sting             ||    53
  Eat: Ration            ||     1
       Chunk             ||     1
Armor: Robe              ||    27
Dodge: Dodged            ||    27
